 Dungeon Crawl Stone Soup version 0.29.1-12-g30fa7ad0bf (webtiles) character file.

Game seed: 15225971509442441824

67 concernfroge the Trooper (level 4, -6/38 HPs)
             Began as a Mummy Monk on Dec 18, 2022.
             Mangled by a gnoll
             ... wielding a +0 flail
              (9 damage)
             ... on level 3 of the Dungeon.
             The game lasted 00:02:41 (1454 turns).

concernfroge the Trooper (Mummy Monk)               Turns: 1454, Time: 00:02:41

Health: -6/38      AC:  8    Str: 16    XL:     4   Next: 0%
Magic:  4/4        EV: 10    Int:  9    God:
Gold:   80         SH:  0    Dex: 20    Spells: 3/3 levels left

rFire   x . .      SeeInvis +   c - +1 war axe (freeze)
rCold   + . .      Faith    .   (no shield)
rNeg    + + +      Spirit   .   f - +0 scale mail
rPois   ∞          Reflect  .   (no helmet)
rElec   .          Harm     .   o - +1 cloak
rCorr   .          Rampage  .   (no gloves)
Will    .....                   (no boots)
Stlth   +.........              (no amulet)
HPRegen 0.12/turn               b - +6 ring of dexterity
MPRegen 0.09/turn               l - ring of see invisible

@: no status effects
A: cold resistance 1, negative energy resistance 3, torment resistance 2, heat
vulnerability 1, in touch with death 1, no potions
a: no special abilities


You were on level 3 of the Dungeon.
You visited 1 branch of the dungeon, and saw 3 of its levels.

You collected 80 gold pieces.

Inventory:

Hand Weapons
 c - a +1 war axe of freezing (weapon)
Missiles
 d - 5 curare-tipped darts
 g - 6 poisoned darts (quivered)
 k - 2 datura-tipped darts
 m - 6 boomerangs
 n - 12 stones
Armour
 f - a +0 scale mail (worn)
 o - a +1 cloak (worn)
Jewellery
 b - a +6 ring of dexterity (left hand)
 l - a ring of see invisible (right hand)
 p - a ring of magical power
Scrolls
 a - a scroll of immolation {unknown}
 e - 2 scrolls of amnesia {unknown}
 h - a scroll of poison {unknown}
 i - a scroll of fear {unknown}
 j - a scroll of noise {unknown}
 q - a scroll of enchant armour {unknown}


   Skills:
 + Level 4.9 Fighting
 - Level 2.4 Polearms
 - Level 2.4 Dodging
 - Level 1.5 Stealth


You had 3 spell levels left.
You didn't know any spells.
Your spell library contained the following spells:

 Spells                   Type           Power      Damage    Failure   Level
 Freeze                   Ice            0%         1d3       83%         1
 Frozen Ramparts          Ice            0%         1d1       99%         3
 Hailstorm                Conj/Ice       0%         3d3       100%        4


Dungeon Overview and Level Annotations

Branches:
Dungeon (3/15)

Altars:


Innate Abilities, Weirdness & Mutations

You are immune to poison.
Your flesh is cold resistant. (rC+)
You are immune to negative energy. (rN+++)
You are immune to unholy pain and torment.
You are vulnerable to heat. (rF-)
You are in touch with the powers of death.
You do not drink.


Message History

The gnoll moves out of view.
A gnoll is nearby! 2 gnolls and a jackal come into view.
Found a stone staircase leading down.
The gnoll shouts! x2
You hit the gnoll. You freeze the gnoll.
The gnoll is moderately wounded.
You barely miss the gnoll. The gnoll barely misses you.
The gnoll hits you but does no damage.
You barely miss the gnoll.
The gnoll is moderately wounded.
You barely miss the gnoll. The gnoll hits you with a +0 halberd.
The gnoll barely misses you.
The jackal bites you but does no damage.
The gnoll misses you.
You slash the gnoll! You freeze the gnoll.
The gnoll is severely wounded.
You barely miss the gnoll. You closely miss the jackal.
The jackal bites you but does no damage.
The jackal completely misses you. The gnoll closely misses you.
The gnoll misses you. The gnoll hits you with a +0 flail!
You barely miss the gnoll.
The gnoll is severely wounded.
You hit the jackal. You freeze the jackal. You hit the gnoll.
You freeze the gnoll. The jackal barely misses you.
The jackal completely misses you.
The gnoll hits you from afar with a +0 halberd!
* * * LOW HITPOINT WARNING * * *
The gnoll misses you. The gnoll hits you with a +0 flail.
* * * LOW HITPOINT WARNING * * *
The gnoll attacks as you move away! The gnoll hits you with a +0 flail.
* * * LOW HITPOINT WARNING * * *
The jackal closely misses you.
Okay, then.
Okay, then.
The jackal barely misses you. The jackal attacks as you move away!
The jackal closely misses you. The jackal attacks as you move away!
The jackal closely misses you. The gnoll attacks as you move away!
The gnoll hits you with a +0 flail!
You die...

. .#.## #......#.# .# .....
#..>...... ... ...#.##
......... ##.##.. ..###
####........
...#.###...######..g........
.... #.#..........#.......
#.###†........gg.##......
#...††.......g...###.....
.......#.##.)<..@h..........#
.#.#......##.†.......########
# #.#.##.##.........# #...#
..#.........# ..###
#...........# #.#
..########### .. ####


You could see 4 gnolls and a jackal.

Vanquished Creatures
  3 adders
  A dart slug (D:2)
  2 bats
  2 endoplasms (D:2)
  5 giant cockroaches
  5 goblins
  5 hobgoblins
  A quokka (D:3)
  2 ball pythons
  3 frilled lizards
  2 kobolds
  4 rats
35 creatures vanquished.

Notes
Turn   | Place    | Note
-------+----------+-------------------------------------------
     0 | D:1      | concernfroge the Mummy Monk began the quest for the Orb.
     0 | D:1      | Reached XP level 1. HP: 18/18 MP: 1/1
   341 | D:1      | Reached XP level 2. HP: 21/24 MP: 2/2
   930 | D:2      | Reached skill level 4 in Fighting
  1125 | D:2      | Gained mutation: You are in touch with the powers of death.
                  | [Mummy growth]
  1125 | D:2      | Reached XP level 3. HP: 27/31 MP: 3/3
  1419 | D:3      | Reached XP level 4. HP: 37/38 MP: 4/4
  1454 | D:3      | Mangled by a gnoll

Illustrated notes

Levels and vault maps discovered:
D:1:      minmay_arrival_diagonal_passages, layout_loops_ring,
          lemuel_flame_loot_1
D:2:      layout_rooms, supply_closet_lemuel
D:3:      layout_rooms, mainiacjoe_overflow_brackets, minmay_fractal_squares_5,
          uniq_jessica

Skill      XL: |  1  2 |
---------------+-------+-----
Fighting       | 4 |  4.9
Polearms       | |  2.4
Dodging        | |  2.4
Stealth        | |  1.5

Action                   |  1- 3 |  4- 6 || total
-------------------------+-------+-------++-------
Melee: War axe           |    64 |     4 ||    68
       Punch             |     1 |       ||     1
 Stab: Sleeping          |     2 |       ||     2
Armor: Scale mail        |    33 |     3 ||    36
       Robe              |     3 |       ||     3
Dodge: Dodged            |    35 |    13 ||    48
